 Dungeon Crawl Stone Soup version 0.28.0-43-g3370ac3207 (webtiles) character file.

Game seed: 2554723092703823918

9 diana the Insei (level 2, 19/22 HPs)
             Began as a Demonspawn Gladiator on Mar 20, 2022.
             Quit the game on level 1 of the Dungeon.
             The game lasted 00:00:46 (539 turns).

diana the Insei (Demonspawn Gladiator)               Turns: 539, Time: 00:00:47

Health: 19/22      AC:  3    Str: 14    XL:     2   Next: 3%
Magic:  2/2        EV: 12    Int:  9    God:
Gold:   35         SH:  0    Dex: 14    Spells: 1/1 levels left

rFire   . . .      SeeInvis .     - Unarmed
rCold   . . .      Faith    .   (no shield)
rNeg    . . .      Spirit   +   a - +0 leather armour
rPois   .          Reflect  .   (helmet restricted)
rElec   .          Harm     .   (no cloak)
rCorr   .          Rampage  .   (no gloves)
Will    .....                   (no boots)
Stlth   +.........              d - amulet of guardian spirit
HPRegen 0.07/turn               (no ring)
MPRegen 0.08/turn               (no ring)

@: no status effects
A: antennae 1
a: no special abilities


You were on level 1 of the Dungeon.
You visited 1 branch of the dungeon, and saw 1 of its levels.

You collected 35 gold pieces.

Inventory:

Missiles
 c - 3 throwing nets (quivered)
Armour
 a - a +0 leather armour (worn)
 b - a +0 helmet
Jewellery
 d - an amulet of guardian spirit (around neck)


   Skills:
 + Level 2.2 Fighting
 - Level 1.7 Throwing
 - Level 2.6 Dodging
 + Level 3.1 Unarmed Combat


You had one spell level left.
You didn't know any spells.
Your spell library contained the following spells:

 Spells                   Type           Power      Damage    Failure   Level
 Corpse Rot               Necr/Air       0%         N/A       61%         2
 Poisonous Vapours        Pois/Air       0%         N/A       61%         2
 Call Canine Familiar     Summ           0%         N/A       83%         3
 Portal Projectile        Hex/Tloc       0%         N/A       83%         3
 Leda's Liquefaction      Hex/Erth       0%         N/A       99%         4


Dungeon Overview and Level Annotations

Branches:
Dungeon (1/15)

Altars:


Innate Abilities, Weirdness & Mutations

You have a pair of small antennae on your head.


Message History

There is an open door here.
Found a stone staircase leading down.
No target in view!
A goblin comes into view. It is wielding a +0 dagger of freezing.
The goblin shouts!
A goblin is nearby!
A goblin is nearby!
You barely miss the goblin. The goblin hits you but does no damage.
You hit the goblin.
You kill the goblin!
Things that are here:
a +0 dagger of freezing; a goblin corpse A bat comes into view.
A bat is nearby!
The bat closely misses you. The bat barely misses you.
The bat hits you but does no damage. The bat closely misses you.
A rat comes into view.
The bat hits you.
The rat moves out of view.
You hit the bat.
The bat is moderately wounded.
The bat hits you.
You hit the bat.
The bat is heavily wounded.
The bat hits you. The bat hits you but does no damage.
You hit the bat.
The bat is severely wounded.
The bat misses you.
You completely miss the rat. The bat closely misses you.
The rat barely misses you.
You hit the bat.
You kill the bat!
The rat barely misses you.
You have reached level 2!
Your demonic ancestry asserts itself...
A pair of antennae grows on your head!
Your +0 helmet falls away!
Are you sure you want to abandon this character and quit the game? (Confirm with "yes".)

.......#
.#####.###########
.....#...........#
.###.###########.#
.....# #.# ###### #.# .
.....# #.# ...
...#.###########.##.....
...'...........†@r......
...#.#####+#####.##.....
...#........# #.# ####
.).#........# #.#
...#........# #..
.†.#.###....# ### ...#.#
#.)..# #'##.#
#....##########
#.##.###....##.......#


You could see a rat.

Vanquished Creatures
  A hobgoblin (D:1)
  A ball python (D:1)
  3 bats (D:1)
  3 goblins (D:1)
8 creatures vanquished.

Notes
Turn   | Place    | Note
-------+----------+-------------------------------------------
     0 | D:1      | diana the Demonspawn Gladiator began the quest for the Orb.
     0 | D:1      | Reached XP level 1. HP: 16/16 MP: 1/1
   390 | D:1      | Reached skill level 3 in Unarmed Combat
   539 | D:1      | Gained mutation: You have a pair of small antennae on your
                  | head. [demonic ancestry]
   539 | D:1      | Reached XP level 2. HP: 19/22 MP: 2/2
   539 | D:1      | Quit the game

Illustrated notes

Levels and vault maps discovered:
D:1:      dpeg_arrival_round_b, layout_basic, chequers_ecumenical_altar_twisty,
          st_stairs_9

Skill      XL: |  1 |
---------------+----+-----
Unarmed Combat | 3 |  3.1
Fighting       | |  2.2
Throwing       | |  1.7
Dodging        | |  2.6

Action                   || total
-------------------------++-------
Melee: Unarmed           ||    27
Armor: Leather armour    ||     9
Dodge: Dodged            ||    16
